TOP OF THE 1ST |
California Kodiaks batting - Pitching for Los Angeles Dinos : RHP Derian Romary
|
Pitching: RHP Derian Romary
|
|
Batting: SHB Brady Hill
|
0-0: Called Strike 0-1: Foul Ball, location: 2F 0-2: Ball 1-2: Ball 2-2: Ball 3-2: SINGLE (Line Drive, 7S, EV 111.9 MPH)
|
Batting: LHB Stephen Caskey
|
0-0: Called Strike 0-1: Ball 1-1: Fly out, F7 (Flyball, 7LS, EV 92.5 MPH)
|
Batting: RHB Spencer Stephens
|
0-0: Called Strike Brady Hill steals 2nd base (no throw) 0-1: Ball 1-1: Ball 2-1: Foul Ball, location: 2F 2-2: Foul Ball, location: 2F 2-2: Ball 3-2: Fly out, F8 (Flyball, 8RM, EV 88.1 MPH)
|
Batting: RHB Stan Sikes
|
0-0: Called Strike 0-1: Ball 1-1: Ball 2-1: Ground out 5-3 (Groundball, 56, EV 85.6 MPH)
|
Top of the 1st over - 0 runs, 1 hit, 0 errors, 1 left on base; California 0 - Los Angeles 0 |
BOTTOM OF THE 1ST |
Los Angeles Dinos batting - Pitching for California Kodiaks : LHP Tommy McGue
|
Pitching: LHP Tommy McGue
|
|
Batting: LHB Johnathan Baird
|
0-0: Ball 1-0: Fly out, F9 (Flyball, 89S, EV 80.6 MPH)
|
Batting: RHB Raymond Trainor
|
0-0: Ball 1-0: Ball 2-0: Called Strike 2-1: Called Strike 2-2: Ground out 6-3 (Groundball, 6S, EV 89.4 MPH)
|
Batting: RHB Efren Zamora
|
0-0: Foul Ball, location: 2F 0-1: Ground out 5-3 (Groundball, 56, EV 86.9 MPH)
|
Bottom of the 1st over - 0 runs, 0 hits, 0 errors, 0 left on base; California 0 - Los Angeles 0 |
TOP OF THE 2ND |
California Kodiaks batting - Pitching for Los Angeles Dinos : RHP Derian Romary
|
Batting: RHB Rory Elia Jr.
|
0-0: Called Strike 0-1: Ball 1-1: Foul Ball, location: 2F 1-2: Foul Ball, location: 2F 1-2: Strikes out swinging
|
Batting: RHB Shelton Gallegos
|
0-0: Called Strike 0-1: Swinging Strike 0-2: Foul Ball, location: 2F 0-2: Strikes out swinging
|
Batting: SHB Jaylin Godsey
|
0-0: Foul Ball, location: 2F 0-1: Called Strike 0-2: Ball 1-2: Foul Ball, location: 2F 1-2: Strikes out swinging
|
Top of the 2nd over - 0 runs, 0 hits, 0 errors, 0 left on base; California 0 - Los Angeles 0 |
BOTTOM OF THE 2ND |
Los Angeles Dinos batting - Pitching for California Kodiaks : LHP Tommy McGue
|
Batting: RHB Colton Coffin
|
0-0: Ground out 3-1 (Groundball, 34S, EV 86.9 MPH)
|
Batting: RHB Rob Detling
|
0-0: Ball 1-0: Ball 2-0: Swinging Strike 2-1: Ball 3-1: Ground out 4-3 (Groundball, 4, EV 96.2 MPH)
|
Batting: RHB Wyatt Steinauer
|
0-0: Ball 1-0: Called Strike 1-1: SINGLE (Line Drive, 4MD, EV 105.0 MPH)
|
Batting: LHB Tariq Alston
|
0-0: Ground out 4-3 (Groundball, 34, EV 105.6 MPH)
|
Bottom of the 2nd over - 0 runs, 1 hit, 0 errors, 1 left on base; California 0 - Los Angeles 0 |
TOP OF THE 3RD |
California Kodiaks batting - Pitching for Los Angeles Dinos : RHP Derian Romary
|
Batting: SHB Cadarian Morris
|
0-0: Called Strike 0-1: DOUBLE (Line Drive, 9LS, EV 107.5 MPH)
|
Batting: RHB Nickolas Keyes
|
0-0: Foul Ball, location: 2F 0-1: Ground out 5-3 (Groundball, 5, EV 93.8 MPH)
|
Batting: SHB Brady Hill
|
0-0: Ball 1-0: Called Strike 1-1: DOUBLE (Line Drive, 7LS, EV 105.6 MPH) Cadarian Morris scores
|
Batting: LHB Stephen Caskey
|
0-0: Called Strike 0-1: Swinging Strike 0-2: Ball 1-2: Ball 2-2: Ball 3-2: Strikes out looking
|
Batting: RHB Spencer Stephens
|
0-0: Swinging Strike 0-1: Swinging Strike 0-2: Strikes out looking
|
Top of the 3rd over - 1 run, 2 hits, 0 errors, 1 left on base; California 1 - Los Angeles 0 |
BOTTOM OF THE 3RD |
Los Angeles Dinos batting - Pitching for California Kodiaks : LHP Tommy McGue
|
Batting: SHB Cole Riley
|
0-0: Called Strike 0-1: DOUBLE (Line Drive, 5D, EV 107.5 MPH)
|
Batting: RHB Derick Murphy
|
0-0: Called Strike 0-1: Called Strike 0-2: Ball 1-2: Ball 2-2: Fly out, F8 (Flyball, 8LXD, EV 91.2 MPH) Runner from 2nd tags up, SAFE at 3rd, no throw by CF
|
Batting: LHB Johnathan Baird
|
0-0: Ball 1-0: Ball 2-0: Foul Ball, location: 2F 2-1: Called Strike 2-2: Ground out 5-3 (Groundball, 56S, EV 86.9 MPH) Cole Riley scores
|
Batting: RHB Raymond Trainor
|
0-0: Ball 1-0: Foul Ball, location: 2F 1-1: Swinging Strike 1-2: Foul Ball, location: 2F 1-2: Ball 2-2: Ground out 5-3 (Groundball, 5, EV 98.8 MPH)
|
Bottom of the 3rd over - 1 run, 1 hit, 0 errors, 0 left on base; California 1 - Los Angeles 1 |
TOP OF THE 4TH |
California Kodiaks batting - Pitching for Los Angeles Dinos : RHP Derian Romary
|
Batting: RHB Stan Sikes
|
0-0: Called Strike 0-1: Foul Ball, location: 2F 0-2: Foul Ball, location: 2F 0-2: Ball 1-2: Foul Ball, location: 2F 1-2: Strikes out swinging
|
Batting: RHB Rory Elia Jr.
|
0-0: Called Strike 0-1: Foul Ball, location: 2F 0-2: Ball 1-2: Foul Ball, location: 2F 1-2: Foul Ball, location: 2F 1-2: Ball 2-2: DOUBLE (Line Drive, 89D, EV 105.6 MPH)
|
Batting: RHB Shelton Gallegos
|
0-0: Called Strike 0-1: Ground out 4-3 (Groundball, 4S, EV 87.5 MPH) Rory Elia Jr. to third
|
Batting: SHB Jaylin Godsey
|
0-0: Called Strike 0-1: Ball 1-1: Foul Ball, location: 2F 1-2: Strikes out swinging
|
Top of the 4th over - 0 runs, 1 hit, 0 errors, 1 left on base; California 1 - Los Angeles 1 |
BOTTOM OF THE 4TH |
Los Angeles Dinos batting - Pitching for California Kodiaks : LHP Tommy McGue
|
Batting: RHB Efren Zamora
|
0-0: Foul Ball, location: 2F 0-1: Swinging Strike 0-2: Ball 1-2: Foul Ball, location: 2F 1-2: Ball 2-2: SINGLE (Flyball, 8LS, EV 92.5 MPH)
|
Batting: RHB Colton Coffin
|
0-0: Foul Ball, location: 2F 0-1: Ball 1-1: Ball 2-1: Fly out, F8 (Flyball, 8LS, EV 95.0 MPH)
|
Batting: RHB Rob Detling
|
0-0: Foul Ball, location: 2F 0-1: SINGLE (Flyball, 5D, EV 90.0 MPH) Efren Zamora to second
|
Batting: RHB Wyatt Steinauer
|
0-0: Ball 1-0: Called Strike Efren Zamora steals 3rd base 1-1: Foul Ball, location: 2F 1-2: Ball 2-2: Ball 3-2: Fly out, F7 (Flyball, 78M, EV 80.6 MPH) Runner from 3rd tags up, SCORES, no throw by LF
|
Batting: LHB Tariq Alston
|
0-0: Ball 1-0: Called Strike 1-1: Ball 2-1: Ball 3-1: Base on Balls Rob Detling to second
|
Batting: SHB Cole Riley
|
0-0: Ball 1-0: Ball 2-0: Called Strike 2-1: Ball 3-1: Called Strike 3-2: Fly out, F5 (Flyball, 5D, EV 90.0 MPH)
|
Bottom of the 4th over - 1 run, 2 hits, 0 errors, 2 left on base; California 1 - Los Angeles 2 |
TOP OF THE 5TH |
California Kodiaks batting - Pitching for Los Angeles Dinos : RHP Derian Romary
|
Batting: SHB Cadarian Morris
|
0-0: Ball 1-0: Ball 2-0: Called Strike 2-1: Foul Ball, location: 2F 2-2: Ball 3-2: Foul Ball, location: 2F 3-2: Base on Balls
|
Batting: RHB Nickolas Keyes
|
0-0: Called Strike 0-1: Ball 1-1: Ball 2-1: Called Strike 2-2: Strikes out swinging
|
Batting: SHB Brady Hill
|
0-0: Foul Ball, location: 2F 0-1: Ball 1-1: Ball 2-1: SINGLE (Line Drive, 9S, EV 98.8 MPH) Cadarian Morris to second
|
Batting: LHB Stephen Caskey
|
0-0: Hit by Pitch Cadarian Morris to third Brady Hill to second
|
Batting: RHB Spencer Stephens
|
0-0: Ball 1-0: Called Strike 1-1: Ball 2-1: Ball 3-1: Called Strike 3-2: Strikes out looking
|
Batting: RHB Stan Sikes
|
0-0: Called Strike 0-1: Ball 1-1: Ball 2-1: GRAND SLAM HOME RUN (Flyball, 78XD, EV 99.4 MPH), Distance : 406 ft
|
Pitching: RHP Evan Browning
|
|
Batting: RHB Rory Elia Jr.
|
0-0: Swinging Strike 0-1: Called Strike 0-2: Strikes out looking
|
Top of the 5th over - 4 runs, 2 hits, 0 errors, 0 left on base; California 5 - Los Angeles 2 |
BOTTOM OF THE 5TH |
Los Angeles Dinos batting - Pitching for California Kodiaks : LHP Tommy McGue
|
Batting: RHB Derick Murphy
|
0-0: Swinging Strike 0-1: Fly out, F8 (Flyball, 8RD, EV 99.4 MPH)
|
Batting: LHB Johnathan Baird
|
0-0: DOUBLE (Line Drive, 9LD, EV 101.9 MPH)
|
Batting: RHB Raymond Trainor
|
0-0: Ball 1-0: DOUBLE (Flyball, 78XD, EV 111.2 MPH) Johnathan Baird scores
|
Batting: RHB Efren Zamora
|
0-0: Ball 1-0: SINGLE (Groundball, 4MD, EV 109.4 MPH) Raymond Trainor to third Runner from 3rd tries for Home, SAFE, throw by CF to home
|
Batting: RHB Colton Coffin
|
0-0: Called Strike 0-1: Fly out, F9 (Line Drive, 9, EV 95.0 MPH)
|
Batting: RHB Rob Detling
|
0-0: Ball 1-0: Ball 2-0: Ball 3-0: Fly out, F9 (Line Drive, 9, EV 96.9 MPH)
|
Bottom of the 5th over - 2 runs, 3 hits, 0 errors, 1 left on base; California 5 - Los Angeles 4 |
TOP OF THE 6TH |
California Kodiaks batting - Pitching for Los Angeles Dinos : RHP Evan Browning
|
Batting: RHB Shelton Gallegos
|
0-0: Called Strike 0-1: Ball 1-1: Swinging Strike 1-2: Foul Ball, location: 2F 1-2: Strikes out swinging
|
Batting: SHB Jaylin Godsey
|
0-0: Called Strike 0-1: Swinging Strike 0-2: Foul Ball, location: 2F 0-2: Strikes out looking
|
Batting: SHB Cadarian Morris
|
0-0: Ball 1-0: Foul Ball, location: 2F 1-1: Ball 2-1: Foul Ball, location: 2F 2-2: Foul Ball, location: 2F 2-2: Ball 3-2: Fly out, F7 (Flyball, 7S, EV 91.2 MPH)
|
Top of the 6th over - 0 runs, 0 hits, 0 errors, 0 left on base; California 5 - Los Angeles 4 |
BOTTOM OF THE 6TH |
Los Angeles Dinos batting - Pitching for California Kodiaks : LHP Tommy McGue
|
Batting: RHB Wyatt Steinauer
|
0-0: Ball 1-0: Fly out, F9 (Flyball, 9LS, EV 93.1 MPH)
|
Batting: LHB Tariq Alston
|
0-0: Swinging Strike 0-1: Swinging Strike 0-2: Ground out 6-3 (Groundball, 56, EV 85.6 MPH)
|
Batting: SHB Cole Riley
|
0-0: Foul Ball, location: 2F 0-1: Ball 1-1: Swinging Strike 1-2: Ground out U3 (Groundball, 3S, EV 80.6 MPH)
|
Bottom of the 6th over - 0 runs, 0 hits, 0 errors, 0 left on base; California 5 - Los Angeles 4 |
TOP OF THE 7TH |
California Kodiaks batting - Pitching for Los Angeles Dinos : RHP Evan Browning
|
Pitching: RHP Tod Steffen
|
|
Batting: RHB Nickolas Keyes
|
0-0: Fly out, F4 (Popup, 3D, EV 50.0 MPH)
|
Batting: SHB Brady Hill
|
0-0: Fly out, F9 (Flyball, 9LD, EV 105.6 MPH)
|
Batting: LHB Stephen Caskey
|
0-0: Called Strike 0-1: Ball 1-1: Foul Ball, location: 2F 1-2: Ball 2-2: Ground out 4-3 (Groundball, 4, EV 86.9 MPH)
|
Top of the 7th over - 0 runs, 0 hits, 0 errors, 0 left on base; California 5 - Los Angeles 4 |
BOTTOM OF THE 7TH |
Los Angeles Dinos batting - Pitching for California Kodiaks : LHP Tommy McGue
|
Pitching: RHP Ian Park
|
|
Batting: RHB Derick Murphy
|
0-0: Swinging Strike 0-1: Ball 1-1: Foul Ball, location: 2F 1-2: Foul Ball, location: 2F 1-2: Ball 2-2: Ball 3-2: Ground out 5-3 (Groundball, 5L, EV 80.0 MPH)
|
Batting: LHB Johnathan Baird
|
0-0: Foul Ball, location: 2F 0-1: Ball 1-1: Ball 2-1: Ball 3-1: Base on Balls
|
Batting: RHB Raymond Trainor
|
0-0: Called Strike Johnathan Baird steals 2nd base 0-1: Foul Ball, location: 2F 0-2: SINGLE (Line Drive, 4D, EV 109.4 MPH) Johnathan Baird to third
|
Batting: RHB Efren Zamora
|
0-0: Ball 1-0: Swinging Strike 1-1: Ball Raymond Trainor steals 2nd base 2-1: Foul Ball, location: 2F 2-2: Fly out, F9 (Line Drive, 89S, EV 105.0 MPH) Runner from 3rd tags up, SCORES, throw by RF Raymond Trainor to third
|
Batting: RHB Colton Coffin
|
0-0: Ball 1-0: Called Strike 1-1: Called Strike 1-2: Ground out 4-3 (Groundball, 4D, EV 111.2 MPH)
|
Bottom of the 7th over - 1 run, 1 hit, 0 errors, 1 left on base; California 5 - Los Angeles 5 |
TOP OF THE 8TH |
California Kodiaks batting - Pitching for Los Angeles Dinos : RHP Tod Steffen
|
Batting: RHB Spencer Stephens
|
0-0: Ball 1-0: Called Strike 1-1: Ball 2-1: Foul Ball, location: 2F 2-2: Ball 3-2: Strikes out looking
|
Batting: RHB Stan Sikes
|
0-0: Ball 1-0: Foul Ball, location: 2F 1-1: Ball 2-1: Foul Ball, location: 2F 2-2: Foul Ball, location: 2F 2-2: DOUBLE (Line Drive, 8RXD, EV 106.2 MPH)
|
Batting: RHB Rory Elia Jr.
|
0-0: Intentional Walk
|
Batting: RHB Shelton Gallegos
|
0-0: Ball 1-0: Ball 2-0: Ball 3-0: Base on Balls Stan Sikes to third Rory Elia Jr. to second
|
Batting: SHB Jaylin Godsey
|
0-0: Called Strike 0-1: Foul Ball, location: 2F 0-2: Ball 1-2: Foul Ball, location: 2F 1-2: Ball 2-2: Grounds into fielders choice 1-2 (Groundball, 15S, EV 66.9 MPH) Rory Elia Jr. to third Shelton Gallegos to second
|
Batting: SHB Cadarian Morris
|
0-0: Ball 1-0: Ball 2-0: Called Strike 2-1: Fielders Choice at 2nd, 6-4 (Groundball, 6, EV 86.2 MPH)
|
Top of the 8th over - 0 runs, 1 hit, 0 errors, 3 left on base; California 5 - Los Angeles 5 |
BOTTOM OF THE 8TH |
Los Angeles Dinos batting - Pitching for California Kodiaks : RHP Ian Park
|
Batting: RHB Rob Detling
|
0-0: Swinging Strike 0-1: Swinging Strike 0-2: Ball 1-2: Ball 2-2: Foul Ball, location: 2F 2-2: Ball 3-2: Base on Balls
|
Pitching: LHP Neal Forsberg
|
|
Batting: RHB Wyatt Steinauer
|
0-0: Ball 1-0: Ball 2-0: Ball 3-0: Called Strike 3-1: Grounds into double play, 5-4-3 (Groundball, 56S, EV 78.1 MPH)
|
Batting: LHB Tariq Alston
|
0-0: Ball 1-0: Called Strike 1-1: Called Strike 1-2: Ball 2-2: Ground out U3 (Groundball, 3, EV 89.4 MPH)
|
Bottom of the 8th over - 0 runs, 0 hits, 0 errors, 0 left on base; California 5 - Los Angeles 5 |
TOP OF THE 9TH |
California Kodiaks batting - Pitching for Los Angeles Dinos : RHP Tod Steffen
|
Pitching: RHP James Forbes
|
|
Batting: RHB Nickolas Keyes
|
0-0: Ball 1-0: Foul Ball, location: 2F 1-1: Called Strike 1-2: Foul Ball, location: 2F 1-2: Strikes out looking
|
Batting: SHB Brady Hill
|
0-0: Ground out 4-3 (Groundball, 4M, EV 85.6 MPH)
|
Batting: LHB Stephen Caskey
|
0-0: Ball 1-0: Ball 2-0: Ball 3-0: Called Strike 3-1: Swinging Strike 3-2: Base on Balls
|
Batting: RHB Spencer Stephens
|
0-0: Ball 1-0: Ball 2-0: SINGLE (Groundball, 13, EV 81.9 MPH) (infield hit) Stephen Caskey to second
|
Batting: RHB Stan Sikes
|
0-0: Called Strike 0-1: Ball 1-1: Called Strike 1-2: Ball 2-2: Strikes out swinging
|
Top of the 9th over - 0 runs, 1 hit, 0 errors, 2 left on base; California 5 - Los Angeles 5 |
BOTTOM OF THE 9TH |
Los Angeles Dinos batting - Pitching for California Kodiaks : LHP Neal Forsberg
|
Batting: SHB Cole Riley
|
0-0: Ball 1-0: Ground out 5-3 (Groundball, 5, EV 103.1 MPH)
|
Batting: RHB Derick Murphy
|
0-0: Swinging Strike 0-1: Swinging Strike 0-2: Ball 1-2: Strikes out swinging
|
Batting: LHB Johnathan Baird
|
0-0: Called Strike 0-1: Ball 1-1: SINGLE (Line Drive, 9LM, EV 102.5 MPH)
|
Batting: RHB Raymond Trainor
|
0-0: Ball 1-0: Ball 2-0: Called Strike 2-1: Ground out 2-3 (Groundball, 15S, EV 71.9 MPH)
|
Bottom of the 9th over - 0 runs, 1 hit, 0 errors, 1 left on base; California 5 - Los Angeles 5 |
TOP OF THE 10TH |
California Kodiaks batting - Pitching for Los Angeles Dinos : RHP James Forbes
|
Batting: RHB Rory Elia Jr.
|
0-0: Ball 1-0: Called Strike 1-1: Ball 2-1: Swinging Strike 2-2: Strikes out swinging
|
Batting: RHB Shelton Gallegos
|
0-0: Called Strike 0-1: Ball 1-1: Foul Ball, location: 2F 1-2: Foul Ball, location: 2F 1-2: Strikes out swinging
|
Batting: SHB Jaylin Godsey
|
0-0: Called Strike 0-1: Hit by Pitch
|
Batting: SHB Cadarian Morris
|
0-0: Ground out 4-3 (Groundball, 34, EV 88.1 MPH)
|
Top of the 10th over - 0 runs, 0 hits, 0 errors, 1 left on base; California 5 - Los Angeles 5 |
BOTTOM OF THE 10TH |
Los Angeles Dinos batting - Pitching for California Kodiaks : LHP Neal Forsberg
|
Pitching: RHP Logan Osborne
|
|
Pinch Hitting: LHB Tris Chikumbu
|
0-0: Ball 1-0: Ball 2-0: Swinging Strike 2-1: Fly out, F9 (Flyball, 9, EV 96.9 MPH)
|
Batting: RHB Colton Coffin
|
0-0: Swinging Strike 0-1: Ball 1-1: Called Strike 1-2: SINGLE (Flyball, 6D, EV 92.5 MPH)
|
Batting: RHB Rob Detling
|
0-0: Ball 1-0: SINGLE (Groundball, 6MD, EV 106.2 MPH) Colton Coffin to second
|
Batting: RHB Wyatt Steinauer
|
0-0: Ball 1-0: Foul Ball, location: 2F 1-1: Swinging Strike 1-2: Foul Ball, location: 2F 1-2: Ball 2-2: Strikes out swinging
|
Batting: LHB Tariq Alston
|
0-0: Ball 1-0: Called Strike 1-1: Foul Ball, location: 2F 1-2: Fly out, F8 (Flyball, 8RM, EV 90.0 MPH)
|
Bottom of the 10th over - 0 runs, 2 hits, 0 errors, 2 left on base; California 5 - Los Angeles 5 |
TOP OF THE 11TH |
California Kodiaks batting - Pitching for Los Angeles Dinos : RHP James Forbes
|
Pitching: RHP Eugene Brown
|
|
Now in LF: Cody Turner
|
|
Pinch Hitting: LHB Gavin Tucker
|
0-0: Called Strike 0-1: Foul Ball, location: 2F 0-2: Ball 1-2: Foul Ball, location: 2F 1-2: Foul Ball, location: 2F 1-2: Ball 2-2: Ball 3-2: Base on Balls
|
Batting: SHB Brady Hill
|
0-0: Bunted foul 0-1: Ball 1-1: Sac Bunt to P - play at first, batter OUT! 1-3 Gavin Tucker to second
|
Batting: LHB Stephen Caskey
|
0-0: Fly out, F9 (Line Drive, 9, EV 93.1 MPH)
|
Batting: RHB Spencer Stephens
|
0-0: Called Strike 0-1: Called Strike 0-2: Foul Ball, location: 2F 0-2: Ball 1-2: Foul Ball, location: 2F 1-2: Strikes out swinging
|
Top of the 11th over - 0 runs, 0 hits, 0 errors, 1 left on base; California 5 - Los Angeles 5 |
BOTTOM OF THE 11TH |
Los Angeles Dinos batting - Pitching for California Kodiaks : RHP Logan Osborne
|
Now at SS: Caron Wilson
|
|
Batting: SHB Cole Riley
|
0-0: Ball 1-0: Ball 2-0: Called Strike 2-1: Swinging Strike 2-2: Ball 3-2: Strikes out swinging
|
Pitching: RHP Chase Lowe
|
|
Batting: RHB Derick Murphy
|
0-0: Foul Ball, location: 2F 0-1: Ball 1-1: Ball 2-1: Ground out 6-3 (Groundball, 6, EV 108.1 MPH)
|
Batting: LHB Johnathan Baird
|
0-0: Fly out, F9 (Line Drive, 9, EV 100.6 MPH)
|
Bottom of the 11th over - 0 runs, 0 hits, 0 errors, 0 left on base; California 5 - Los Angeles 5 |
TOP OF THE 12TH |
California Kodiaks batting - Pitching for Los Angeles Dinos : RHP Eugene Brown
|
Batting: RHB Stan Sikes
|
0-0: SINGLE (Line Drive, 89S, EV 103.1 MPH)
|
Batting: RHB Rory Elia Jr.
|
0-0: Called Strike 0-1: Ball 1-1: Called Strike 1-2: Strikes out looking
|
Batting: RHB Shelton Gallegos
|
0-0: Ball 1-0: Called Strike Stan Sikes steals 2nd base 1-1: Foul Ball, location: 2F 1-2: Ground out 6-3 (Groundball, 4M, EV 83.8 MPH) Stan Sikes to third
|
Batting: SHB Jaylin Godsey
|
0-0: Intentional Walk
|
Batting: SHB Cadarian Morris
|
0-0: Foul Ball, location: 2F 0-1: Swinging Strike 0-2: Ground out 4-3 (Groundball, 4MS, EV 68.8 MPH)
|
Top of the 12th over - 0 runs, 1 hit, 0 errors, 2 left on base; California 5 - Los Angeles 5 |
BOTTOM OF THE 12TH |
Los Angeles Dinos batting - Pitching for California Kodiaks : RHP Chase Lowe
|
Batting: RHB Raymond Trainor
|
0-0: Called Strike 0-1: Ball 1-1: Ball 2-1: Foul Ball, location: 2F 2-2: Ball 3-2: Fly out, F9 (Flyball, 89XD, EV 99.4 MPH)
|
Batting: RHB Cody Turner
|
0-0: Called Strike 0-1: Ball 1-1: Foul Ball, location: 2F 1-2: Strikes out swinging
|
Batting: RHB Colton Coffin
|
0-0: Ball 1-0: Ball 2-0: Ball 3-0: Base on Balls
|
Batting: RHB Rob Detling
|
0-0: Ground out 1-3 (Groundball, 13, EV 70.6 MPH)
|
Bottom of the 12th over - 0 runs, 0 hits, 0 errors, 1 left on base; California 5 - Los Angeles 5 |
TOP OF THE 13TH |
California Kodiaks batting - Pitching for Los Angeles Dinos : RHP Eugene Brown
|
Batting: RHB Caron Wilson
|
0-0: Ball 1-0: Ball 2-0: Foul Ball, location: 2F 2-1: Swinging Strike 2-2: Ground out 5-3 (Groundball, 5L, EV 77.5 MPH)
|
Batting: SHB Brady Hill
|
0-0: Ball 1-0: Called Strike 1-1: Ground out U3 (Groundball, 34, EV 111.9 MPH)
|
Batting: LHB Stephen Caskey
|
0-0: Foul Ball, location: 2F 0-1: SOLO HOME RUN (Flyball, 89XD, EV 103.8 MPH), Distance : 403 ft
|
Batting: RHB Spencer Stephens
|
0-0: Ball 1-0: Ball 2-0: Foul Ball, location: 2F 2-1: SOLO HOME RUN (Line Drive, 7D, EV 98.8 MPH), Distance : 390 ft
|
Batting: RHB Stan Sikes
|
0-0: Reached on error, E1 (Groundball, 34S, EV 71.2 MPH)
|
Pitching: RHP Dane Wines
|
|
Batting: RHB Rory Elia Jr.
|
0-0: Ball 1-0: Called Strike 1-1: Called Strike 1-2: Fly out, F8 (Line Drive, 8RS, EV 95.0 MPH)
|
Top of the 13th over - 2 runs, 2 hits, 1 error, 1 left on base; California 7 - Los Angeles 5 |
BOTTOM OF THE 13TH |
Los Angeles Dinos batting - Pitching for California Kodiaks : RHP Chase Lowe
|
Batting: RHB Wyatt Steinauer
|
0-0: Called Strike 0-1: Called Strike 0-2: Strikes out swinging
|
Batting: LHB Tariq Alston
|
0-0: Ball 1-0: Ground out 6-3 (Groundball, 6, EV 104.4 MPH)
|
Batting: SHB Cole Riley
|
0-0: Foul Ball, location: 2F 0-1: Swinging Strike 0-2: Ball 1-2: Foul Ball, location: 2F 1-2: Ball 2-2: Strikes out swinging
|
Bottom of the 13th over - 0 runs, 0 hits, 0 errors, 0 left on base; California 7 - Los Angeles 5 |
|